 Dungeon Crawl Stone Soup version 0.16.1-7-g2c6721e (webtiles) character file.

928 abixa the Cleaver (level 8, -3/69 HPs)
             Began as a Hill Orc Gladiator on Mar 29, 2015.
             Splashed by a jelly's acid (7 damage)
             ... on level 6 of the Dungeon.
             The game lasted 00:22:30 (4934 turns).

abixa the Cleaver (Hill Orc Gladiator)              Turns: 4934, Time: 00:22:30

Health: -3/69      AC: -8    Str: 18    XL:     8   Next: 11%
Magic:  8/8        EV:  8    Int:  8    God:
Gold:   422        SH:  0    Dex: 13    Spells: 0 memorised, 7 levels left

rFire  . . .     SeeInvis .     a - +0 war axe
rCold  + . .     Clarity  .     j - +0 chain mail
rNeg   . . .     SustAb   .     (no shield)
rPois  .         Gourm    .     c - +0 helmet
rElec  .         Spirit   .     v - +0 cloak
rCorr  .         Warding  .     (no gloves)
rMut   .         Stasis   .     (no boots)
MR     .....                    (no amulet)
Stlth  ..........               J - ring of flight
                                h - ring of protection from cold

@: corroded equipment, very slightly contaminated, invisible, not resistant to
hostile enchantments, extremely unstealthy
A: no striking features
a: Evoke Flight


You were on level 6 of the Dungeon.
You were very hungry.

You visited 1 branch of the dungeon, and saw 6 of its levels.
You also visited: Sewer.

You collected 422 gold pieces.

Inventory:

Hand weapons
 a - a +0 war axe (weapon)
 n - a +0 trident
 S - a +0 hunting sling
Missiles
 d - 3 throwing nets
 e - 230 stones (quivered)
 p - 32 sling bullets of frost
 t - 8 poisoned needles
 x - 3 curare-tipped needles
 A - 13 silver bolts
 B - 11 arrows of dispersal
 K - 36 arrows
 N - 27 bolts
Armour
 c - a +0 helmet (worn)
 j - a +0 chain mail (worn)
 v - a +0 cloak (worn)
Jewellery
 h - a ring of protection from cold (left hand)
 C - an uncursed ring of fire
 J - a ring of flight (right hand)
 T - an uncursed ring of magical power {unknown}
Magical devices
 o - a wand of invisibility (4)
 G - a wand of disintegration (3)
 P - a wand of fireball (4)
Scrolls
 b - 4 scrolls of amnesia
 i - a scroll of random uselessness {unknown}
 k - 4 scrolls of teleportation
 m - 2 scrolls of immolation
 u - 2 scrolls of enchant weapon
 w - a scroll of enchant armour
 y - 2 scrolls of blinking {unknown}
 z - a scroll of noise {unknown}
 E - 2 scrolls of magic mapping {unknown}
 H - 6 scrolls of remove curse
 Q - 3 scrolls of recharging {unknown}
Potions
 g - a potion of flight
 l - a potion of haste {unknown}
 r - a potion of curing {unknown}
 D - 3 potions of restore abilities
 F - 2 potions of magic
 I - a potion of cure mutation {unknown}
 R - a potion of might {unknown}
Books
 L - the Disquisition on Sinister Secrets
   (You found it in a sewer)

   Spells                             Type                      Level
   a - Animate Skeleton               Necromancy                   1
   b - Pain                           Necromancy                   1
   c - Vampiric Draining              Necromancy                   3
   d - Animate Dead                   Necromancy                   4
   e - Agony                          Necromancy                   5
   f - Simulacrum                     Ice/Necromancy               6
 M - a book of Conjurations

   Spells                             Type                      Level
   a - Magic Dart                     Conjuration                  1
   b - Searing Ray                    Conjuration                  2
   c - Dazzling Spray                 Conjuration/Hexes            3
   d - Fulminant Prism                Conjuration/Hexes            4
   e - Iskenderun's Mystic Blast      Conjuration                  4
   f - Iskenderun's Battlesphere      Conjuration/Charms           5
Comestibles
 f - 2 meat rations
 q - 3 fruits
 s - 2 beef jerkies
 O - a bread ration


   Skills:
 + Level 5.5 Fighting
 * Level 9.9 Axes
 - Level 2.0 Throwing
 + Level 3.9 Armour
 - Level 2.4 Dodging


You had 7 spell levels left.
You didn't know any spells.

Dungeon Overview and Level Annotations

Branches:
Dungeon (6/15)
 Temple: D:4-7

Altars:
Makhleb
Nemelex Xobeh
Sif Muna
Vehumet
The Shining One

Annotations:
D:5 freezing clouds for 60 gold


Message History

The jelly struggles to resist.
Evoking this partially-identified wand wasted a few charges.
The jelly hits you.
* * * LOW HITPOINT WARNING * * *
You are splashed with acid!
The acid burns!
* * * LOW HITPOINT WARNING * * *
The phantom barely misses you.
Drink which item? (? for menu, Esc to quit)
Okay, then.
Unknown command.
Evoke which item? (* to show all) (? for menu, Esc to quit)
Zapping:
o - a wand of invisibility (will waste charges)
Press: ? - help, Shift-Dir - straight line, f - you, p - jelly You fade into invisibility!
You are very lightly contaminated with residual magic.
Evoking this partially-identified wand wasted a few charges.
The jelly hits you.
* * * LOW HITPOINT WARNING * * *
You are splashed with acid!
The acid burns!
You die... .## .gW

.. .. #.###.## ###..(... ....#.. #
#....###.# ######..#(...#
....#....g.###########. #.
#.......(ggW@J((..(.. #.
###....(..########### #
#.######..###...# ..#
#....#......W...########## ..#
#.........#####........<.######..##
...<.......# ##.........##........
...........# #.........#......<..
...........# ##.###.###..........
#.........## #..##..##..........


You could see a phantom, a jelly and 3 gnolls.

Vanquished Creatures
  An ice beast (D:5)
  An ogre (D:5)
  A centaur (D:5)
  2 giant frogs (Sewer)
  A water moccasin zombie (D:5)
  2 scorpions
  A giant frog skeleton (D:6)
  A giant frog zombie (D:6)
  2 orc wizards (D:5)
  Natasha (twice) (D:5)
  2 worker ants
  7 adders
  5 giant mites
  2 worms
  5 giant geckos
  13 orcs
  A ball python (Sewer)
  7 bats
  9 giant cockroaches
  10 hobgoblins
  8 jackals
  6 kobolds
  5 quokkas
  A giant gecko skeleton (D:5)
  7 giant newts
  9 goblins
  8 rats
119 creatures vanquished.

Vanquished Creatures (others)
  A hound zombie (D:5)
  A plant (D:5)
2 creatures vanquished.

Grand Total: 121 creatures vanquished

Notes
Turn   | Place    | Note
--------------------------------------------------------------
     0 | D:1      | abixa, the Hill Orc Gladiator, began the quest for the Orb.
     0 | D:1      | Reached XP level 1. HP: 18/18 MP: 1/1
    42 | D:1      | Reached XP level 2. HP: 20/25 MP: 2/2
   248 | D:1      | Reached skill level 5 in Axes
   336 | D:1      | You fall through a shaft!
   548 | D:1      | Reached XP level 3. HP: 22/30 MP: 3/3
   773 | D:2      | Found a glowing golden altar of the Shining One.
  1238 | D:2      | Reached skill level 6 in Axes
  1600 | D:2      | Reached XP level 4. HP: 34/37 MP: 4/4
  1698 | D:3      | Found a radiant altar of Vehumet.
  2271 | D:4      | Reached skill level 7 in Axes
  2286 | D:4      | Reached XP level 5. HP: 30/42 MP: 5/5
  2574 | D:4      | Found a glowing drain.
  2650 | Sewer    | Entered a sewer
  2675 | Sewer    | Reached skill level 8 in Axes
  2912 | Sewer    | Reached XP level 6. HP: 50/50 MP: 6/6
  2985 | Sewer    | Reached skill level 1 in Armour
  2995 | Sewer    | Identified the Disquisition on Sinister Secrets
  3421 | D:4      | Found a sparkling altar of Nemelex Xobeh.
  3726 | D:5      | Entered Level 5 of the Dungeon
  3910 | D:5      | Reached XP level 7. HP: 40/59 MP: 7/7
  4065 | D:5      | Reached skill level 9 in Axes
  4074 | D:5      | Found a burning altar of Makhleb.
  4244 | D:5      | Noticed Natasha
  4263 | D:5      | Killed Natasha
  4329 | D:5      | Reached skill level 5 in Fighting
  4569 | D:5      | Noticed Natasha
  4597 | D:5      | Killed Natasha
  4675 | D:6      | Reached XP level 8. HP: 64/68 MP: 8/8
  4683 | D:6      | Found a deep blue altar of Sif Muna.
  4934 | D:6      | Splashed by a jelly's acid

Action                   |  1- 3 |  4- 6 |  7- 9 || total
-------------------------+-------+-------+-------++-------
Melee: War axe           |    82 |   196 |   137 ||   415
       Hand axe          |    41 |     5 |       ||    46
       Trident           |       |     2 |       ||     2
Throw: Stone             |       |    12 |    20 ||    32
Evoke: Wand              |       |       |     3 ||     3
  Use: Scroll            |     5 |     5 |     1 ||    11
 Stab: Distracted        |       |       |     1 ||     1
  Eat: Chunk             |     1 |     9 |     2 ||    12
